 Dungeon Crawl Stone Soup version 0.28.0-43-g3370ac3207 (webtiles) character file.

Game seed: 14047860894687629742

72 terff the Sneak (level 4, 0/29 HPs)
             Began as an Octopode Brigand on Mar 20, 2022.
             Slain by a jelly (3 damage)
             ... on level 4 of the Dungeon.
             The game lasted 00:02:54 (1440 turns).

terff the Sneak (Octopode Brigand)                  Turns: 1440, Time: 00:02:55

Health: 0/29       AC: -7    Str: 10    XL:     4   Next: 25%
Magic:  4/4        EV: 13    Int: 13    God:
Gold:   16         SH:  0    Dex: 15    Spells: 3/3 levels left

rFire   . . .      SeeInvis .   a - +2 dagger
rCold   . . .      Faith    .   (no shield)
rNeg    . . .      Spirit   .   (helmet restricted)
rPois   .          Reflect  .   (no amulet)
rElec   .          Harm     .   (no ring)
rCorr   .          Rampage  .   (no ring)
Will    .....                   (no ring)
Stlth   +++++.....              (no ring)
HPRegen 0.09/turn               (no ring)
MPRegen 0.09/turn               (no ring)
                                (no ring)
                                (no ring)

@: corroded
A: almost no armour, amphibious, 8 rings, camouflage 1, gelatinous body 1,
(nimble swimmer 1), tentacles
a: no special abilities


You were on level 4 of the Dungeon.
You visited 1 branch of the dungeon, and saw 4 of its levels.

You collected 16 gold pieces.

Inventory:

Hand Weapons
 a - a +2 dagger (weapon)
Missiles
 b - 14 poisoned darts (quivered)
 c - 2 curare-tipped darts
Magical Staves
 h - a staff of poison
Scrolls
 d - 2 scrolls of summoning {unknown}
 e - a scroll of enchant armour {unknown}
Potions
 f - a potion of curing {unknown}
 g - 2 potions of brilliance {unknown}


   Skills:
 + Level 2.1 Fighting
 + Level 2.6 Short Blades
 + Level 2.1 Throwing
 + Level 1.1 Dodging
 + Level 7.0 Stealth


You had 3 spell levels left.
You didn't know any spells.
Your spell library contained the following spells:

 Spells                   Type           Power      Damage    Failure   Level
 Sandblast                Erth           0%         2d4       30%         1
 Passwall                 Tmut/Erth      0%         N/A       43%         2
 Stone Arrow              Conj/Erth      0%         3d7       67%         3


Dungeon Overview and Level Annotations

Branches:
Dungeon (4/15)
 Temple: D:4-7

Altars:
Okawaru
Yredelemnul

Annotations:
D:3 2 transporters


Innate Abilities, Weirdness & Mutations

You cannot wear most types of armour.
You are amphibious.
You can wear up to eight rings at the same time.
Your skin changes colour to match your surroundings (Stealth+).
Your rubbery body absorbs attacks. (AC +1, EV +1)
((You are camouflaged when in or above water. (Stealth+)))
You have tentacles for arms and can constrict up to eight enemies at once.


Message History

You climb downwards.
You hear the hiss of flowing sand.
There is an entrance to an ossuary on this level.
Hurry and find it before the portal is buried!
There is a stone staircase leading up here.
A jelly, a dart slug and a hound come into view.
You hear the slow hiss of an avalanche of sand very nearby.
The helpless hound fails to defend itself.
You stick the hound like a pincushion!!!
You kill the hound!
Your Stealth skill increases to level 7!
You have reached level 4!
Found a steel ring.
Found a basalt altar of Yredelemnul.
The helpless dart slug fails to defend itself.
You impale the dart slug!!
You kill the dart slug!
A jelly comes into view.
The jelly quivers.
You hit the jelly.
Your tentacles burn!
You squeeze the jelly.
The jelly is lightly wounded.
The jelly closely misses you.
You hit the jelly. The acid corrodes you!
Your tentacles burn!
The jelly is lightly wounded.
The jelly barely misses you.
You hit the jelly.
Your tentacles burn!
The jelly is moderately wounded.
The jelly hits you. The acid corrodes you!
You are splashed with acid!
You hit the jelly.
Your tentacles burn!
* * * LOW HITPOINT WARNING * * *
The jelly is moderately wounded.
The jelly closely misses you.
You hit the jelly but do no damage. The acid corrodes you!
Your tentacles burn!
* * * LOW HITPOINT WARNING * * *
You squeeze the jelly.
The jelly is heavily wounded.
You hit the jelly but do no damage.
Your tentacles burn!
* * * LOW HITPOINT WARNING * * *
The jelly is heavily wounded.
The jelly hits you.
You die...

######### #.......#
#.......# #.......#
###.......# ..
..#........+ ##
###.#...@....#
#...#...J....#
#............#
#............#
#<...........#
#............# #
#............#
...##.#.#+#.########
.......># #...###


You could see a jelly.

Vanquished Creatures
  A hound (D:4)
  2 adders (D:3)
  A dart slug (D:4)
  3 ball pythons (D:1)
  A bat (D:3)
  2 endoplasms
  2 giant cockroaches
  A goblin (D:1)
  A hobgoblin (D:1)
  3 quokkas (D:1)
  2 frilled lizards (D:1)
  2 kobolds (D:3)
21 creatures vanquished.

Notes
Turn   | Place    | Note
-------+----------+-------------------------------------------
     0 | D:1      | terff the Octopode Brigand began the quest for the Orb.
     0 | D:1      | Reached XP level 1. HP: 14/14 MP: 1/1
   377 | D:1      | Reached XP level 2. HP: 5/19 MP: 2/2
  1084 | D:3      | Reached skill level 6 in Stealth
  1084 | D:3      | Reached XP level 3. HP: 24/24 MP: 3/3
  1089 | D:3      | Found a transporter.
  1112 | D:3      | Found a transporter.
  1200 | D:3      | Found an iron altar of Okawaru.
  1414 | D:4      | Reached skill level 7 in Stealth
  1414 | D:4      | Reached XP level 4. HP: 29/29 MP: 4/4
  1415 | D:4      | Found a basalt altar of Yredelemnul.
  1440 | D:4      | Slain by a jelly

Illustrated notes

Levels and vault maps discovered:
D:1:      dpeg_arrival_castle, layout_loops_ring
D:2:      layout_basic, uniq_terence
D:3:      gammafunk_wand_slinger, layout_rooms, mainiacjoe_overflow_chevrons,
          kennysheep_generic_room_3
D:4:      layout_basic, mainiacjoe_overflow_small_starburst, enter_ossuary_1,
          roderic_lattice_a

Skill      XL: |  1  2  3 |
---------------+----------+-----
Stealth        | 6 7 |  7.0
Fighting       | |  2.1
Short Blades   | |  2.6
Throwing       | |  2.1
Dodging        | |  1.1

Action                   |  1- 3 |  4- 6 || total
-------------------------+-------+-------++-------
Melee: Dagger            |    49 |     7 ||    56
       Constrict         |    10 |       ||    10
       Tentacles         |     8 |     2 ||    10
 Stab: Sleeping          |     4 |     1 ||     5
Armor: Skin              |     6 |       ||     6
Dodge: Dodged            |    23 |     3 ||    26
